 Dungeon Crawl Stone Soup version 0.24-a0-29-g43a6aff (webtiles) character file.

Game seed: 4341612727211778588

238 Mgcat the Chucker (level 6, -7/63 HPs)
             Began as an Ogre Hunter on Feb 2, 2019.
             Mangled by a wraith (9 damage)
             ... in an ossuary.
             The game lasted 00:06:56 (3395 turns).

Mgcat the Chucker (Ogre Hunter)                     Turns: 3395, Time: 00:06:56

Health: -7/63      AC:  3    Str: 17    XL:     6   Next: 7%
Magic:  6/6        EV: 10    Int: 12    God:
Gold:   159        SH:  0    Dex: 11    Spells: 5/5 levels left

rFire    . . .     SeeInvis .   q - +0 flail
rCold    . . .     Gourm    .   (no shield)
rNeg     . . .     Faith    .   b - +0 robe
rPois    .         Spirit   .   (helmet restricted)
rElec    .         Reflect  .   (no cloak)
rCorr    .         Harm     .   (gloves unavailable)
MR       .....                  (boots unavailable)
Stlth    +.........             (no amulet)
HPRegen  0.20/turn              v - ring of flight {+Fly, !d}
MPRegen  0.10/turn              (no ring)

@: slowed, very slow
A: large, unfitting armour, tough skin 1
a: Evoke Flight


You were in an ossuary.
You were near starving.

You visited 1 branch of the dungeon, and saw 4 of its levels.
You also visited: Ossuary.

You collected 159 gold pieces.

Inventory:

Hand Weapons
 q - a +0 flail (weapon)
   (You took it off an orc on level 3 of the Dungeon)
Missiles
 c - 2 large rocks (quivered) {!d}
 d - 2 throwing nets {=f, !d}
Armour
 b - a +0 robe (worn)
Jewellery
 v - a ring of flight (left hand) {+Fly, !d}
   (You found it on level 4 of the Dungeon)
Scrolls
 e - 7 scrolls of identify {unknown}
 g - 4 scrolls of remove curse {unknown}
 h - 2 scrolls of fog {unknown}
 j - 7 scrolls of enchant weapon {unknown}
 l - 2 scrolls of amnesia {unknown}
 n - a scroll of enchant armour {unknown}
 o - 2 scrolls of magic mapping {!r}
 s - a scroll of noise {unknown}
 u - a scroll of teleportation {unknown}
 x - a scroll of immolation {unknown}
Potions
 a - a potion of berserk rage {unknown}
 i - a potion of haste {unknown}
 k - 4 potions of curing {unknown}
 m - a potion of lignification {unknown}
 p - a potion of magic {unknown}
 r - 2 potions of might {unknown}
 t - 2 potions of brilliance {unknown}
 w - a potion of degeneration {unknown}
 z - a potion of flight {unknown}
Comestibles
 f - 6 rations


   Skills:
 + Level 4.7 Fighting
 + Level 2.2 Maces & Flails
 + Level 5.0 Throwing
 + Level 3.1 Dodging
 - Level 0.6 Stealth


You had 5 spell levels left.
You didn't know any spells.
Your spell library was empty.

Dungeon Overview and Level Annotations

Branches:
Dungeon (4/15)
 Temple: D:4-7

Altars:
Fedhas

Annotations:
Ossuary 1 exclusion


Innate Abilities, Weirdness & Mutations

You are too large for most types of armour.
You have tough skin. (AC +1)


Message History

There is an open door here.
You sock the mummy!
The mummy is heavily damaged.
The mummy hits you.
You take 6 damage, and have 57/63 hp.
Spoiler Alert: The mummy can hit for moderate damage in melee!
You hit the mummy but do no damage.
The mummy is heavily damaged.
The mummy barely misses you.
You hit the mummy.
The mummy is severely damaged.
You sock the mummy!
You destroy the mummy!
Your Throwing skill increases to level 5!
o - 2 scrolls of magic mapping {!r} (gained 1)
There is an open door here.
You open the door.
There is an open door here.
e - 7 scrolls labeled WOCZET KAD SIC (gained 1)
There is an open door here.
You avoid triggering a spear trap.
There is a spear trap here.
You open the door.
There is an open door here.
t - 2 pink potions (gained 1) Health restored: 63
There is an open door here.
You open the door.
A wraith comes into view.
Spoiler Alert: The wraith (dormant) can slow you in melee!
The wraith barely misses you.
There is an open door here.
Spoiler Alert: The wraith can slow you in melee!
You hit the wraith.
The wraith is lightly damaged.
The wraith hits you. The wraith drains your vigour!
You feel yourself slow down.
You take 6 damage, and have 57/63 hp.
Unknown command.
Spoiler Alert: The wraith can slow you in melee!
Unknown command.
You sock the wraith!
The wraith is moderately damaged.
The wraith barely misses you. The wraith closely misses you.
Unknown command.
You are near starving!
You closely miss the wraith.
The wraith is moderately damaged.
The wraith hits you but does no damage. The wraith hits you.
The wraith drains your vigour!
You feel as though you will be slow longer.
You take 5 damage, and have 52/63 hp.
Spoiler Alert: The wraith can slow you in melee!
Unknown command.
Unknown command.
You closely miss the wraith.
The wraith is moderately damaged.
The wraith hits you! The wraith drains your vigour!
You feel as though you will be slow longer.
The wraith hits you! The wraith drains your vigour!
You feel as though you will be slow longer.
You take 24 damage, and have 28/63 hp.
MASSIVE DAMAGE!!
Spoiler Alert: The wraith can slow you in melee!
Unknown command.
Unknown command.
Unknown command.
Throwing (i - inventory)
c - 5 large rocks (quivered)
{!d}
Press: ? - help, Shift-Dir - straight line, f - wraith
Aim: a wraith (moderately damaged)
You throw a large rock {!d}. The large rock {!d} hits the wraith!!
The wraith is almost destroyed.
The wraith hits you! The wraith barely misses you. x2
You take 8 damage, and have 20/63 hp.
Spoiler Alert: The wraith can slow you in melee!
Unknown command.
Unknown command.
Throwing (i - inventory)
c - 4 large rocks (quivered)
{!d}
Press: ? - help, Shift-Dir - straight line, f/p - wraith
Aim: a wraith (almost destroyed)
You throw a large rock {!d}.
The large rock {!d} closely misses the wraith.
The wraith hits you!
* * * LOW HITPOINT WARNING * * *
The wraith hits you.
* * * LOW HITPOINT WARNING * * *
The wraith hits you.
* * * LOW HITPOINT WARNING * * *
The wraith drains your vigour!
You feel as though you will be slow longer.
You take 19 damage, and have 1/63 hp.
MASSIVE DAMAGE!!
Spoiler Alert: The wraith can slow you in melee!
Unknown command.
Unknown command.
Throwing (i - inventory)
c - 3 large rocks (quivered)
{!d}
Press: ? - help, Shift-Dir - straight line, f/p - wraith
Aim: a wraith (almost destroyed)
You throw a large rock {!d}.
The large rock {!d} closely misses the wraith.
The wraith barely misses you. The wraith hits you!
You die...

....................^#
................^....#
...^..###.....^####..#
..8.^.# #...8...'.#..#
......# #......####..#
^.....#.#.........^..#
...............^.....#
.####.....####.####.^#
.# ..8.. #..@W# .#
.####...^.####.####..#
...............^.....#
......#.#.^...... ...#
......# #......## #..#
..8...# #...8...+ #..#
......###......####..#
...................^.#
.....................#


You could see a wraith.

Vanquished Creatures
  An orc priest (D:3)
  3 mummies
  4 gnolls (D:3)
  5 adders
  A worm (D:3)
  2 dart slugs
  5 orcs (D:3)
  7 bats
  5 giant cockroaches
  A gnoll zombie (Ossuary)
  4 hobgoblins
  4 jackals (D:1)
  3 quokkas
  2 ball pythons
  4 frilled lizards (D:1)
  9 goblins
  6 hobgoblin zombies (Ossuary)
  4 kobolds
  3 kobold zombies (Ossuary)
  9 rats
82 creatures vanquished.

Notes
Turn   | Place    | Note
-------+----------+-------------------------------------------
     0 | D:1      | Mgcat the Ogre Hunter began the quest for the Orb.
     0 | D:1      | Reached XP level 1. HP: 22/22 MP: 1/1
   185 | D:1      | Reached skill level 2 in Dodging
   192 | D:1      | Reached skill level 3 in Fighting
   197 | D:1      | Reached XP level 2. HP: 12/31 MP: 2/2
   547 | D:1      | HP: 7/31 [jackal (1)]
  1017 | D:2      | Reached XP level 3. HP: 37/37 MP: 3/3
  1167 | D:2      | Reached skill level 1 in Maces & Flails
  1724 | D:3      | Reached XP level 4. HP: 39/48 MP: 4/4
  1772 | D:3      | HP: 12/48 [orc (3)]
  1992 | D:3      | Reached skill level 4 in Fighting
  2173 | D:3      | Reached XP level 5. HP: 50/54 MP: 5/5
  2414 | D:3      | HP: 2/55 [gnoll/+0 flail (12)]
  2716 | D:3      | Found a blossoming altar of Fedhas.
  2827 | D:3      | Reached skill level 2 in Maces & Flails
  2827 | D:3      | Reached skill level 3 in Dodging
  2992 | D:4      | Found a sand-covered staircase.
  3021 | Ossuary  | Entered an ossuary
  3021 | Ossuary  | Noticed a wraith
  3021 | Ossuary  | Noticed a wraith
  3021 | Ossuary  | Noticed a wraith
  3287 | Ossuary  | Reached XP level 6. HP: 59/63 MP: 6/6
  3355 | Ossuary  | Reached skill level 5 in Throwing
  3387 | Ossuary  | Noticed a wraith
  3394 | Ossuary  | HP: 7/63 [wraith (13)]
  3394 | Ossuary  | HP: 3/63 [wraith (4)]
  3394 | Ossuary  | HP: 1/63 [wraith (2)]
  3395 | Ossuary  | Mangled by a wraith

Vault maps used:
D:1:      dpeg_arrival_signposts, minmay_3d_cube
D:3:      fedhas_altar_3
D:4:      first_ration, gup_ossuary_entry_pyramid
Ossuary:  ossuary_kennysheep_city_of_the_dead

Skill      XL: |  1  2  3  4  5  6 |
---------------+-------------------+-----
Dodging        | 2 3 |  3.1
Fighting       | 3 4 |  4.7
Maces & Flails | 1 2 |  2.2
Throwing       | 5 |  5.0
Stealth        | |  0.6

Action                   |  1- 3 |  4- 6 || total
-------------------------+-------+-------++-------
Melee: Short sword       |    50 |       ||    50
       Club              |   104 |    26 ||   130
       Flail             |       |   128 ||   128
Throw: Large rock        |     2 |    10 ||    12
  Use: Potion            |     1 |     1 ||     2
       Scroll            |       |     1 ||     1
 Stab: Sleeping          |     2 |     1 ||     3
  Eat: Chunk             |     2 |     5 ||     7
Armor: Robe              |    71 |    36 ||   107
Dodge: Dodged            |   125 |    85 ||   210

Table legend:
 A = Non-vault XP
 B = Vault XP
 C = Vault XP percentage of total XP
 D = Non-vault monster count
 E = Vault monster count
 F = Vault count percentage of total count
                 A         B        C        D         E       F
            +---------+---------+-------+---------+---------+-------
      Total |     269 |      71 |  20.9 |      65 |      17 |  20.7
            +---------+---------+-------+---------+---------+-------
        D:1 |      21 |       6 |  22.2 |      14 |       4 |  22.2
        D:2 |      54 |       0 |   0.0 |      19 |       0 |   0.0
        D:3 |     194 |       0 |   0.0 |      32 |       0 |   0.0
        D:4 |       0 |      18 | 100.0 |       0 |       1 | 100.0
    Ossuary |       0 |      47 | 100.0 |       0 |      12 | 100.0
            +---------+---------+-------+---------+---------+-------

Vault maps used:
D:1:      dpeg_arrival_signposts, minmay_3d_cube
D:3:      fedhas_altar_3
D:4:      first_ration, gup_ossuary_entry_pyramid
Ossuary:  ossuary_kennysheep_city_of_the_dead

Table legend:
 A = Turns spent in this place as a percentage of turns spent in the entire game.
 B = Non-inter-level travel turns spent in this place as a percentage of non-inter-level travel turns spent in the entire game.
 C = Inter-level travel turns spent in this place as a percentage of turns spent in this place.
 D = Turns resting spent in this place as a percentage of non-inter-level travel turns spent in this place.
 E = Turns spent auto-exploring this place as a percentage of non-inter-level travel turns spent in this place.
 F = Non-inter-level travel turns spent in this place divided by the number of levels of this place that you've seen.
                   A       B       C       D       E      F
               +-------+-------+-------+-------+-------+----------------------
         Total | 100.0 | 100.0 |   2.1 |  10.0 |  65.7 | 665.0
       Dungeon |  89.0 |  88.8 |   2.3 |   7.1 |  73.5 | 737.8
       Ossuary |  11.0 |  11.2 |   0.0 |  33.4 |   3.7 | 374.0
               +-------+-------+-------+-------+-------+----------------------

Table legend:
 A = Kills in this place as a percentage of kills in entire the game.
 B = Kills by you in this place as a percentage of kills by you in the entire game.
 C = Kills by friends in this place as a percentage of kills by friends in the entire game.
 D = Other kills in this place as a percentage of other kills in the entire game.
 E = Experience gained in this place as a percentage of experience gained in the entire game.
 F = Experience gained in this place divided by the number of levels of this place that you have seen.
                   A       B       C       D       E      F
               +-------+-------+-------+-------+-------+----------------------
         Total | 100.0 | 100.0 |   N/A |   N/A | 100.0 |  68.0
       Dungeon |  85.4 |  85.4 |   N/A |   N/A |  86.2 |  73.2
       Ossuary |  14.6 |  14.6 |   N/A |   N/A |  13.8 |  47.0
               +-------+-------+-------+-------+-------+----------------------
